 Dungeon Crawl Stone Soup version 0.28-a0-563-gf77a47075d (webtiles) character file.

Game seed: 11510032986484636297

4994 Armakuni the Destroyer (level 10, -3/63 HPs)
             Began as a Human Conjurer on Sept 30, 2021.
             Was a Believer of Vehumet.
             Slain by a hornet (14 damage)
             ... on level 7 of the Dungeon.
             The game lasted 00:28:01 (9759 turns).

Armakuni the Destroyer (Human Conjurer)             Turns: 9759, Time: 00:28:02

Health: -3/63      AC:  4    Str: 10    XL:     10   Next: 83%
Magic:  8/33       EV: 11    Int: 24    God:    Vehumet [**....]
Gold:   202        SH:  0    Dex: 13    Spells: 18/29 levels left

rFire   . . .      SeeInvis .   a - +5 dire flail
rCold   . . .      Faith    .   (shield currently unavailable)
rNeg    . . .      Spirit   .   q - +0 leather armour
rPois   .          Reflect  .   (no helmet)
rElec   .          Harm     .   (no cloak)
rCorr   .          Rampage  .   s - +0 pair of gloves
Will    .....                   (no boots)
Stlth   ++........              (no amulet)
HPRegen 0.20/turn               P - ring of magical power
MPRegen 0.23/turn               I - +6 ring of intelligence

@: lethally poisoned (-3 -> -9), very slightly contaminated, slowed, very slow
A: no striking features
a: Renounce Religion


You were on level 7 of the Dungeon.
You worshipped Vehumet.
Vehumet was pleased with you.
You visited 2 branches of the dungeon, and saw 10 of its levels.

You collected 346 gold pieces.
You spent 144 gold pieces at shops.

Inventory:

Hand Weapons
 a - a +5 dire flail (weapon)
 b - a +0 long sword of flaming
Armour
 e - the +1 hat of Fedhas's Castigation {rElec Str-4 SInv}
   (You bought it in a shop on level 2 of the Dungeon)

   Str:       It affects your strength (-4).
   rElec:     It insulates you from electricity.
   SInv:      It lets you see invisible.
 h - a +0 ring mail
 q - a +0 leather armour (worn)
 s - a +0 pair of gloves (worn)
Jewellery
 F - a ring of protection from fire
 I - a +6 ring of intelligence (right hand)
 K - a ring of resist corrosion
 N - a ring of see invisible
 P - a ring of magical power (left hand)
Wands
 u - a wand of charming (3)
 v - a wand of iceblast (5)
Scrolls
 c - 4 scrolls of blinking
 f - 2 scrolls of teleportation
 g - 4 scrolls of identify
 i - a scroll of fog
Potions
 d - a potion of curing
 j - a potion of attraction
 k - a potion of heal wounds
 l - 11 potions of ambrosia
 m - 2 potions of mutation
 n - a potion of cancellation {unknown}
 o - 2 potions of flight {unknown}
 p - a potion of brilliance
 r - a potion of invisibility
 t - 2 potions of lignification
 w - a potion of degeneration {unknown}


   Skills:
 + Level 0.0 Armour
 - Level 2.0 Dodging
 - Level 2.0 Stealth
 - Level 10.1 Spellcasting
 - Level 11.5 Conjurations


You had 18 spell levels left.
You knew the following spells:

 Your Spells              Type           Power      Damage    Failure   Level
a - Magic Dart            Conj           100%       1d8       1%          1
m - Iskenderun's Mystic   Conj/Tloc      39%        2d9       7%          4
p - Fulminant Prism       Conj/Hex       19%        3d11      7%          4
z - Searing Ray           Conj           100%       2d8       1%          2

Your spell library contained the following spells:

 Spells                   Type           Power      Damage    Failure   Level
 Foxfire                  Conj/Fire      100%       2x1d9     1%          1
 Dazzling Flash           Conj/Hex       78%        N/A       1%          3
 Summon Small Mammal      Summ           48%        N/A       7%          1
 Corpse Rot               Necr/Air       N/A        N/A       11%         2
 Poisonous Vapours        Pois/Air       24%        N/A       11%         2
 Lightning Bolt           Conj/Air       19%        1d34      19%         5
 Call Canine Familiar     Summ           12%        N/A       22%         3
 Ozocubu's Armour         Ice            12%        N/A       22%         3
 Portal Projectile        Hex/Tloc       24%        N/A       22%         3
 Summon Guardian Golem    Hex/Summ       12%        N/A       22%         3
 Airstrike                Air            6%         N/A       56%         4
 Animate Dead             Necr           6%         N/A       56%         4
 Leda's Liquefaction      Hex/Erth       6%         N/A       56%         4
 Summon Lightning Spire   Summ/Air       12%        N/A       56%         4
 Borgnjor's Vile Clutch   Necr/Erth      6%         N/A       89%         5
 Metabolic Englaciation   Hex/Ice        6%         N/A       89%         5
 Summon Forest            Summ/Tloc      6%         N/A       89%         5
 Summon Mana Viper        Hex/Summ       12%        N/A       89%         5
 Death Channel            Necr           6%         N/A       100%        6
 Simulacrum               Ice/Necr       6%         N/A       100%        6
 Summon Cactus Giant      Summ           6%         N/A       100%        6
 Ozocubu's Refrigeration  Ice            6%         4d6       100%        7


Dungeon Overview and Level Annotations

Branches:
Dungeon (9/15)             Temple (1/1) D:4
   Lair: D:8-11         Orc: D:9-12

Altars:
Ashenzari
Cheibriados
Elyvilon
Fedhas
Gozag
Kikubaaqudgha
Makhleb
Qazlal
Ru
Sif Muna
Trog
Uskayaw
Vehumet
Xom
Yredelemnul
Zin
The Shining One

Shops:
D:2 [=?:

Annotations:
D:3 1 runed translucent door


Message History

Casting: Iskenderun's Mystic Blast (dangerous; 7% risk of failure)
Confirm with . or Enter, or press ? or * to list all spells.
You erupt in a blast of force!
The mystic blast hits the wyvern skeleton!
The wyvern skeleton is moderately damaged.
The wyvern skeleton is knocked back by the mystic blast.
The mystic blast hits the hornet but does no damage.
The hornet is severely wounded.
You feel very sick. The hornet stings you!
* * * LOW HITPOINT WARNING * * *
You are more poisoned.
You feel as though you will be slow longer.
The hornet stings you.
* * * LOW HITPOINT WARNING * * *
You feel as though you will be slow longer.
You feel much better.
You feel extremely sick. The hornet stings you.
You feel as though you will be slow longer.
The wyvern skeleton bites you but does no damage.
The hornet stings you.
You feel as though you will be slow longer.
Casting: Iskenderun's Mystic Blast (dangerous; 7% risk of failure)
Confirm with . or Enter, or press ? or * to list all spells.
You erupt in a blast of force!
The mystic blast hits the wyvern skeleton!
The wyvern skeleton is heavily damaged.
The wyvern skeleton is knocked back by the mystic blast.
The mystic blast hits the hornet.
The hornet is almost dead.
The hornet is knocked back by the mystic blast.
You feel very sick.
A bullfrog zombie comes into view.
Casting: Iskenderun's Mystic Blast (dangerous; 7% risk of failure)
Confirm with . or Enter, or press ? or * to list all spells.
You miscast Iskenderun's Mystic Blast.
Nothing appears to happen.
You feel very sick. The hornet barely misses you. The hornet stings you!
You die...

...#####......##.##
.[..# ##..........# .##.
......#...........# .#..
#.....#...........#.....
#...............<#...#
.....#.............# .
#....#..#..........#..
.......##.#.............
.)..... #.#....y@...#
..... #.(.....Z.###
.....#.....##
....####....# .##.
.....# .. ....Z.. .
#.....#[. ......##..


You could see a hornet, a bullfrog zombie and a wyvern skeleton.

Vanquished Creatures
  A two-headed ogre (D:9)
  Pikel (D:5)
  A queen bee (D:9)
  2 water moccasins
  A hornet zombie (D:5)
  4 sky beasts
  A necrophage (D:5)
  3 centaurs
  A phantom (D:6)
  2 lemures
  A bullfrog (D:9)
  A water moccasin zombie (D:5)
  3 scorpions
  30 killer bees
  8 wights
  4 howler monkeys
  3 bullfrog skeletons
  A centaur skeleton (D:7)
  2 hounds
  2 jellies
  2 orc wizards
  2 iguanas
  The ghost of sn0wgr3 the Shield-Bearer, a weakling GrFi (D:3)
  2 hound skeletons (D:5)
  A howler monkey zombie (D:9)
  11 adders
  An ufetubus (D:5)
  An adder skeleton (D:4)
  3 worms
  A dart slug (D:5)
  14 orcs
  4 bats
  8 endoplasms
  7 giant cockroaches
  8 hobgoblins
  9 kobolds
  3 quokkas
  4 ball pythons
  5 frilled lizards
  3 goblins
  7 rats
  A toadstool (D:1)
170 creatures vanquished.

Vanquished Creatures (others)
  7 fulminant prisms
  3 fungi (D:8)
  A plant (D:8)
  3 toadstools (D:1)
14 creatures vanquished.

Grand Total: 184 creatures vanquished

Notes
Turn   | Place    | Note
-------+----------+-------------------------------------------
     0 | D:1      | Armakuni the Human Conjurer began the quest for the Orb.
     0 | D:1      | Reached XP level 1. HP: 13/13 MP: 3/3
   409 | D:1      | Reached XP level 2. HP: 19/19 MP: 0/5
   729 | D:1      | Learned a level 2 spell: Searing Ray
   843 | D:1      | Reached XP level 3. HP: 20/24 MP: 3/6
  1554 | D:2      | Found a faded altar of an unknown god.
  1782 | D:2      | Found Habom's Antique Armour Boutique.
  1959 | D:2      | Reached XP level 4. HP: 22/30 MP: 8/8
  2050 | D:2      | Found Itridya's Magic Scroll Emporium.
  2159 | D:2      | Found Iczo's Book Shop.
  2542 | D:2      | Found Urofo's Jewellery Emporium.
  2731 | D:3      | Reached skill level 5 in Conjurations
  2775 | D:3      | Found a runed translucent door.
  2775 | D:3      | Noticed sn0wgr3's ghost (weakling GrFi)
  2896 | D:3      | Reached XP level 5. HP: 35/35 MP: 10/10
  3444 | D:3      | Found a runed translucent door.
  3846 | D:3      | Killed sn0wgr3's ghost
  3847 | D:3      | Reached XP level 6. HP: 24/41 MP: 2/12
  4157 | D:4      | Learned a level 4 spell: Iskenderun's Mystic Blast
  4274 | D:4      | Found a staircase to the Ecumenical Temple.
  4295 | Temple   | Entered the Ecumenical Temple
  4438 | Temple   | Became a worshipper of Vehumet
  4499 | D:4      | Reached skill level 6 in Conjurations
  4637 | D:2      | Bought a pitted hat for 144 gold pieces
  4637 | D:2      | Identified the +1 hat of Fedhas's Castigation {rElec Str-4
                  | SInv} (You bought it in a shop on level 2 of the Dungeon)
  4808 | D:4      | Reached XP level 7. HP: 46/46 MP: 14/14
  5073 | D:5      | Entered Level 5 of the Dungeon
  5582 | D:5      | Reached skill level 5 in Spellcasting
  5720 | D:5      | Noticed Pikel
  6303 | D:5      | Reached skill level 7 in Conjurations
  6332 | D:5      | Reached XP level 8. HP: 43/52 MP: 16/16
  6500 | D:5      | Killed Pikel
  6501 | D:5      | Reached skill level 8 in Conjurations
  6691 | D:5      | Found a shimmering altar of Xom.
  6691 | D:5      | Found a glowing golden altar of the Shining One.
  6945 | D:5      | Reached XP level 9. HP: 50/57 MP: 19/19
  7373 | D:6      | Found a snail-covered altar of Cheibriados.
  7504 | D:6      | Reached skill level 9 in Conjurations
  7595 | D:6      | Learned a level 4 spell: Fulminant Prism
  7596 | D:6      | You fall into a shaft and drop 3 floors!
  7665 | D:9      | Noticed a queen bee
  7676 | D:9      | Killed a queen bee
  7676 | D:9      | Reached * piety under Vehumet
  7676 | D:9      | Offered knowledge of Freeze by Vehumet.
  7677 | D:9      | Reached skill level 10 in Conjurations
  7677 | D:9      | Reached XP level 10. HP: 39/63 MP: 22/22
  7934 | D:9      | Noticed a two-headed ogre
  7945 | D:9      | Killed a two-headed ogre
  8095 | D:8      | Reached skill level 11 in Conjurations
  8623 | D:8      | Found a blossoming altar of Fedhas.
  8652 | D:8      | Offered knowledge of Foxfire by Vehumet.
  8781 | D:8      | Found a stormy altar of Qazlal.
  8805 | D:8      | Reached ** piety under Vehumet
  8917 | D:7      | Reached skill level 10 in Spellcasting
  9753 | D:7      | Paralysed by a hornet for 3 turns
  9756 | D:7      | HP: 3/63 [hornet (13)]
  9756 | D:7      | HP: 1/63 [hornet (2)]
  9759 | D:7      | Slain by a hornet

Illustrated notes

Levels and vault maps discovered:
D:1:      ldierk_water_garden, layout_loops_ring, minmay_misc_feat_more_columns
D:2:      layout_loops_cross, serial_shops, nicolae_lakefront_shop,
          nicolae_shop_waterfront, nicolae_shop_behind_doors,
          nicolae_shop_waterfront, hellmonk_ecumenical_altar_slurped_away
D:3:      layout_loops_corners, ebering_ghost_sewer_f, serial_rivers,
          chequers_serial_rivers_large_b, chequers_serial_rivers_small_a,
          chequers_serial_rivers_micro_c, chequers_serial_rivers_micro_b,
          minmay_crystal_room
D:4:      layout_cave_pools, minmay_temple_entry_offerings, serial_bayou_pond_d
D:5:      layout_rooms, gammafunk_temple_overflow_elements, uniq_pikel
D:6:      layout_cave_pools, cheibrodos_worm_habitat, minivault_19,
          minmay_misc_feat_alley, patterned_corridor
D:7:      layout_cave_pools
D:8:      layout_rooms, grunt_temple_overflow_forces_of_nature
D:9:      layout_roguey [special_room_bee], minmay_orc_entry_guard_dogs,
          serial_curves, eino_curves_02, eino_curves_04,
          kennysheep_another_room, minmay_microvault
Temple:   minmay_temple_bridge_abc

Skill      XL: |  1  2  3  4  5  6  7  8  9 10 |
---------------+-------------------------------+-----
Spellcasting   | 3 4 5 7 8 10 | 10.1
Conjurations   | 5 6 7 8 10 11 | 11.5
Dodging        | |  2.0
Stealth        | |  2.0

Action                   |  1- 3 |  4- 6 |  7- 9 | 10-12 || total
-------------------------+-------+-------+-------+-------++-------
Melee: Unarmed           |     7 |       |       |       ||     7
       Mace              |     2 |       |       |       ||     2
       Whip              |     1 |       |       |       ||     1
       Dagger            |       |     7 |       |       ||     7
       Short sword       |       |       |       |     5 ||     5
       Dire flail        |       |       |       |     1 ||     1
 Cast: Magic Dart        |    34 |       |       |       ||    34
       Searing Ray       |    22 |    44 |    37 |    38 ||   141
       Iskenderun's Myst |       |       |       |     8 ||     8
       Fulminant Prism   |       |       |       |     7 ||     7
Evoke: Wand              |       |       |    12 |     8 ||    20
  Use: Scroll            |     4 |     5 |     4 |     1 ||    14
       Potion            |       |     3 |     1 |     3 ||     7
Armor: Robe              |     5 |     1 |     4 |       ||    10
       Skin              |       |    10 |     3 |       ||    13
       Leather armour    |       |       |     6 |    12 ||    18
Dodge: Dodged            |    24 |    12 |    42 |    55 ||   133

Table legend: (Time is in decaauts)
 A = Elapsed time spent in this place.
 B = Non-inter-level travel time spent in this place.
 C = Inter-level travel time spent in this place.
 D = Time resting spent in this place.
 E = Time spent auto-exploring this place.
 F = Levels seen in this place.
 G = Mean time per level.
                   A        B        C        D        E       F      G
               +--------+--------+--------+--------+--------+-----+--------+
         Total |   9823 |   9101 |    722 |   3206 |   4031 |  10 |  982.3 |
       Dungeon |   9640 |   8936 |    704 |   3206 |   3903 |   9 | 1071.1 |
        Temple |    182 |    164 |     18 |      0 |    128 |   1 |  182.0 |
               +--------+--------+--------+--------+--------+-----+--------+

Top non-repeatable levels by time:
     D:1: 1532 daAuts
     D:3: 1528 daAuts
     D:4: 1461 daAuts
     D:2: 1357 daAuts
     D:5: 1128 daAuts
     D:9: 973 daAuts
     D:6: 882 daAuts
     D:7: 498 daAuts
     D:8: 276 daAuts
  Temple: 182 daAuts
